 Dungeon Crawl Stone Soup version 0.27.0-1-g7a089689b8 (webtiles) character file.

Game seed: 11352786562489349360

812 sanka the Poker (level 7, -2/52 HPs)
             Began as a Mummy Abyssal Knight on Aug 1, 2021.
             Was a Priest of Lugonu.
             Slain by a killer bee (5 damage)
             ... on level 5 of the Dungeon.
             The game lasted 00:10:59 (6623 turns).

sanka the Poker (Mummy Abyssal Knight)              Turns: 6623, Time: 00:11:00

Health: -2/52      AC:  9    Str: 17    XL:     7   Next: 61%
Magic:  10/10      EV:  7    Int: 12    God:    Lugonu [***...]
Gold:   203        SH:  0    Dex: 11    Spells: 6/6 levels left

rFire    x . .     SeeInvis .   a - +0 trident
rCold    + . .     Faith    .   (no shield)
rNeg     + + +     Spirit   .   d - +0 chain mail
rPois    ∞         Reflect  .   o - +0 helmet
rElec    .         Harm     .   (no cloak)
rCorr    .         Rampage  .   (no gloves)
Will     .....                  (no boots)
Stlth    ..........             (no amulet)
HPRegen  0.17/turn              (no ring)
MPRegen  0.12/turn              (no ring)

@: no status effects
A: cold resistance 1, negative energy resistance 3, torment resistance 2, heat
vulnerability 1, no potions
a: Renounce Religion, Depart the Abyss, Bend Space, Banish


You were on level 5 of the Dungeon.
You worshipped Lugonu.
Lugonu was most pleased with you.
You visited 1 branch of the dungeon, and saw 6 of its levels.
You visited the Abyss 1 time.

You collected 203 gold pieces.


Innate Abilities, Weirdness & Mutations

You are immune to poison.
Your flesh is cold resistant. (rC+)
You are immune to negative energy. (rN+++)
You are immune to unholy pain and torment.
You are vulnerable to heat. (rF-)
You do not drink.


   Skills:
 - Level 3.0 Fighting
 - Level 6.3 Polearms
 - Level 1.5 Armour
 - Level 0.7 Dodging
 + Level 4.3 Invocations


You had 6 spell levels left.
You didn't know any spells.
Your spell library contained the following spells:

 Spells                   Type           Power      Damage    Failure   Level
 Passwall                 Tmut/Erth      0%         N/A       100%        2
 Conjure Flame            Conj/Fire      0%         6-21      100%        3
 Frozen Ramparts          Ice            0%         1d2       100%        3
 Gell's Gravitas          Tloc           0%         N/A       100%        3
 Ignite Poison            Fire/Tmut/Pois 0%         N/A       100%        3
 Lesser Beckoning         Tloc           0%         N/A       100%        3
 Swiftness                Air            0%         N/A       100%        3
 Teleport Other           Tloc           0%         N/A       100%        3
 Sticky Flame             Conj/Fire      0%         2d3       100%        4
 Summon Ice Beast         Ice/Summ       0%         N/A       100%        4
 Invisibility             Hex            0%         N/A       100%        6
 Ice Form                 Ice/Tmut       Unusable   N/A       N/A         4

Inventory:

Hand Weapons
 a - a +0 trident (weapon)
 i - a +0 spectral quarterstaff
 l - a +1 dagger of venom
 m - a +1 spear
Missiles
 k - 3 curare-tipped darts {=f}
Armour
 b - a +0 leather armour
 d - a +0 chain mail (worn)
 o - a +0 helmet (worn)
Scrolls
 c - 3 scrolls of teleportation {@r4}
 e - a scroll of fear
 f - 2 scrolls of amnesia
 g - a scroll of vulnerability {unknown}
 h - a scroll of noise {unknown}
 j - 2 scrolls of enchant weapon
 n - 2 scrolls of immolation {!r}

Dungeon Overview and Level Annotations

Branches:
Dungeon (6/15)
 Temple: D:4-7

Altars:
Nemelex Xobeh
Ru
Zin

Annotations:
D:3 1 runed translucent door, Crazy Yiuf
D:5 Sigmund

▒.......▒▒▒▒▒▒▒...▒▒▒'▒▒
▒.......▒ ▒▒...▒▒...▒ ▒.......▒
.▒.........▒ ▒▒......▒
..▒.........▒
▒......▒▒...▒.!.......▒ .
▒▒▒▒▒▒...........▒.........▒
'▒▒▒...▒▒......▒▒▒▒▒▒▒..▒▒▒▒'▒▒
..............S▒▒>..▒▒..▒▒▒...▒
...........S..hyM.............▒
...............▒..............▒
.......▒▒▒▒▒▒▒▒▒▒............(▒
.......▒▒......▒▒.............▒
?.(............▒..............▒
▒.▒▒...▒▒......▒▒▒▒▒▒▒▒▒▒▒▒'▒▒▒
▒ ▒...▒▒......▒ ▒▒...▒
.....▒▒......▒ ▒....▒
.......▒▒.{....▒ ▒....▒


You could see a howler monkey (catching breath), a killer bee and 2 adders.


Message History

The killer bee is moderately wounded.
The killer bee stings you but does no damage.
The killer bee stings you but does no damage.
You barely miss the killer bee.
The killer bee is moderately wounded.
The killer bee stings you.
* * * LOW HITPOINT WARNING * * *
The killer bee stings you but does no damage.
Unknown command.
You barely miss the killer bee.
The killer bee is moderately wounded.
The killer bee stings you.
* * * LOW HITPOINT WARNING * * *
The killer bee barely misses you.
An adder comes into view.
The howler monkey hoots and howls with incredible vigour!
Unknown command.
The adder hisses angrily.
You hit the killer bee.
The killer bee is heavily wounded.
The killer bee stings you.
* * * LOW HITPOINT WARNING * * *
The killer bee stings you!
* * * LOW HITPOINT WARNING * * *
Unknown command.
You closely miss the killer bee.
The killer bee is heavily wounded.
The killer bee stings you but does no damage.
The killer bee stings you.
You die...

Action                   |  1- 3 |  4- 6 |  7- 9 || total
-------------------------+-------+-------+-------++-------
Melee: Spear             |   161 |   330 |       ||   491
       Trident           |       |     7 |    80 ||    87
Invok: Depart the Abyss  |     1 |       |       ||     1
       Bend Space        |       |       |     5 ||     5
  Use: Scroll            |       |     4 |     1 ||     5
Armor: Chain mail        |    68 |   133 |    63 ||   264
       Leather armour    |     1 |       |       ||     1
Dodge: Dodged            |    49 |    98 |    35 ||   182

Levels and vault maps discovered:
D:1:      minmay_arrival_doors, layout_loops_ring, serial_forest,
          infiniplex_forest_straight_5, infiniplex_forest_straight_4,
          infiniplex_forest_lined_4_way, infiniplex_forest_straight_2,
          infiniplex_forest_lined_corner, infiniplex_forest_clump_small,
          infiniplex_forest_clump_small, infiniplex_forest_lined_corner,
          infiniplex_forest_lined_corner, minmay_pentomino_q2
D:2:      layout_loops_ring, shapermc_ecumenical_altar_mp_vishouse
D:3:      layout_rooms, mainiacjoe_overflow_concentric_impassable,
          uniq_crazy_yiuf_cottage
D:4:      cheibrodos_thug_alley, layout_rooms, nicolae_ru_the_path_less_chosen,
          serial_bayou, serial_bayou_pond_b, serial_bayou_crossing,
          serial_bayou_pond_d, serial_bayou_shore_a
D:5:      layout_gridville, mainiacjoe_overflow_alcove_2, zin_scriptorium,
          minmay_fractal_squares_diagonal_5, uniq_sigmund, uniq_menkaure
D:6:      layout_cave_pods, regret_index_temple_of_mockery,
          mainiacjoe_overflow_tiny_flanked, minmay_temple_entry_offerings,
          uniq_blork_the_orc, uniq_duvessa

Notes
Turn   | Place    | Note
-------+----------+-------------------------------------------
     0 | Abyss:1  | sanka the Mummy Abyssal Knight began the quest for the Orb.
     0 | Abyss:1  | Reached XP level 1. HP: 18/18 MP: 2/2
    56 | Abyss:1  | Noticed a small abomination
    57 | D:1      | Escaped the Abyss
   214 | D:1      | Reached * piety under Lugonu
   218 | D:1      | Reached skill level 2 in Polearms
   334 | D:1      | Reached XP level 2. HP: 24/24 MP: 3/3
  1215 | D:2      | Reached XP level 3. HP: 24/29 MP: 4/4
  1320 | D:2      | Reached skill level 3 in Polearms
  2176 | D:2      | Found a faded altar of an unknown god.
  2225 | D:3      | Reached XP level 4. HP: 27/35 MP: 5/5
  2305 | D:3      | Reached ** piety under Lugonu
  2510 | D:2      | Reached skill level 4 in Polearms
  2665 | D:3      | Reached XP level 5. HP: 30/41 MP: 6/6
  2992 | D:3      | Found a sparkling altar of Nemelex Xobeh.
  3575 | D:3      | Found a runed translucent door.
  3576 | D:3      | Noticed Crazy Yiuf
  3872 | D:4      | Noticed a necrophage
  3897 | D:4      | Killed a necrophage
  3898 | D:4      | Reached skill level 5 in Polearms
  3898 | D:4      | Reached XP level 6. HP: 39/47 MP: 7/7
  4696 | D:4      | Found a sacrificial altar of Ru.
  5085 | D:3      | Reached skill level 6 in Polearms
  5182 | D:4      | Reached *** piety under Lugonu
  5657 | D:5      | Entered Level 5 of the Dungeon
  5697 | D:5      | Reached skill level 2 in Invocations
  5697 | D:5      | Reached XP level 7. HP: 44/52 MP: 8/8
  5742 | D:5      | Noticed Sigmund
  6077 | D:5      | Reached skill level 3 in Invocations
  6101 | D:5      | HP: 5/52 [hound (4)]
  6580 | D:5      | Reached skill level 4 in Invocations
  6622 | D:5      | HP: 3/52 [killer bee (8)]
  6623 | D:5      | Slain by a killer bee

Vanquished Creatures
  A sky beast (D:5)
  A necrophage (D:4)
  A kobold brigand (D:4)
  2 scorpions (D:5)
  A centaur zombie (D:5)
  A jelly (D:4)
  3 hounds
  An iguana (D:3)
  4 orc wizards
  7 adders
  A worm (D:4)
  2 dart slugs
  11 orcs
  6 endoplasms
  5 giant cockroaches
  6 goblins
  7 hobgoblins
  11 jackals
  11 kobolds
  4 quokkas
  5 ball pythons
  A bat (D:1)
  2 frilled lizards
  3 rats
97 creatures vanquished.

Vanquished Creatures (others)
  8 plants
8 creatures vanquished.

Grand Total: 105 creatures vanquished
